AoeStats
← mricardo96

Golden Pit

508710200Analyzed
1v1 RM · 10d ago on Sep 23, 2026· 27m 47s· 2 players
Game mode
Random Map
Map size
Tiny (2 player)
Population
200
Speed
Normal
Resources
Standard
Victory
Conquest
Starting age
Dark Age
Ending age
Imperial Age
RankedLock teamsTeams togetherTeam positionsShared explorationLock speedFull tech treeHidden civsTurbo modeCheats
Victory
Defeat
🇦🇷 Byzantines · Argentina
816
+15
🇳🇱 Maya · Netherlands
798
-15
mricardo96
8:14 Loom
13:17 Feudal Age
14:13 Double-Bit Axe
15:32 Wheelbarrow
15:59 Horse Collar
16:43 Town Watch
17:10 Gold Mining
21:24 Stone Mining
22:13 Forging
28:09 Padded Archer Armor
GodNicki
8:42 Loom
10:28 Feudal Age
11:37 Double-Bit Axe
12:04 Horse Collar
13:57 Wheelbarrow
14:32 Gold Mining
19:03 Castle Age
20:24 Hand Cart
20:41 Bow Saw
21:52 Arson
22:08 Squires
21:54 Gambesons
22:12 Scale Mail Armor
22:22 Forging
23:31 Gold Shaft Mining
22:58 Heavy Plow
23:22 Chain Mail Armor
23:42 Stone Mining
26:16 Iron Casting
25:32 Fletching
Connection lost

Rejoining the realm…

Still unreachable

The connection could not be restored.

Session expired

The server has moved on; the page needs a fresh start.